 Dungeon Crawl Stone Soup version 0.32-a0-660-g97ce250 (webtiles) character file.

Game seed: 16314005932833063068

20895 skewfiend the Toxicologist (level 12, -1/104 HPs)
             Began as a Black Draconian Alchemist on Mar 5, 2024.
             Was a Priest of Sif Muna.
             Slain by a cane toad (18 damage)
             ... on level 2 of the Lair of Beasts on Mar 9, 2024.
             The game lasted 00:55:46 (15207 turns).

skewfiend the Toxicologist (DrAl)                  Turns: 15207, Time: 00:55:48

Health: -1/104     AC: 17    Str: 11    XL:     12   Next: 49%
Magic:  3/21       EV: 10    Int: 21    God:    Sif Muna [***...]
Gold:   666        SH:  8    Dex: 11    Spells: 7/26 levels left

rFire   . . .        I - +4 trident (drain)
rCold   + . .        O - +0 kite shield
rNeg    + . .        (body armour unavailable)
rPois   .            F - +0 hat
rElec   +            o - +0 cloak of the Bellicose God {+Blink rElec rN+}
rCorr   .            c - +0 pair of gloves
SInv    .            K - +0 pair of boots
Will    +....        s - amulet of the acrobat
Stlth   ++           x - ring "Dokhong" {rElec rC+ Will+}
HPRegen 0.37/turn    U - ring of wizardry
MPRegen 0.17/turn

%: acrobat, wizardry (x1)
@: lethally poisoned (-1 -> -16), ice-armoured, very slightly contaminated,
studying Polearms
A: galvanic breath, AC +8, unfitting armour, electricity resistance,
cold-blooded, low MP 1, MP-powered wands
a: Galvanic Breath, Renounce Religion, Evoke Blink, Channel Magic, Forget Spell


You were on level 2 of the Lair of Beasts.
You worshipped Sif Muna.
Sif Muna was most pleased with you.
You visited 3 branches of the dungeon, and saw 14 of its levels.

You collected 747 gold pieces.
You spent 81 gold pieces at shops.

Inventory:

Hand Weapons
 k - a +2 flail of holy wrath
 I - a +4 trident of draining (weapon)
 V - a +1 demon whip of venom
Missiles
 g - 97 stones
 i - 6 atropa-tipped darts
 l - 3 boomerangs
 m - 26 poisoned darts
 q - 11 javelins
Armour
 c - a +0 pair of gloves (worn)
 o - the +0 cloak of the Bellicose God (worn) {+Blink rElec rN+}
   (You found it on level 4 of the Dungeon)

   rElec:     It insulates you from electricity.
   rN+:       It protects you from negative energy.
   +Blink:    It lets you blink.
 F - a +0 hat (worn)
 K - a +0 pair of boots (worn)
 O - a +0 kite shield (worn)
Jewellery
 s - an amulet of the acrobat (around neck)
 x - the ring "Dokhong" (left hand) {rElec rC+ Will+}
   (You found it on level 5 of the Dungeon)

   [ring of willpower]

   rC+:       It protects you from cold.
   rElec:     It insulates you from electricity.
   Will+:     It increases your willpower.
 U - a ring of wizardry (right hand)
 W - a ring of flight
Wands
 h - a wand of charming (3)
 w - a wand of flame (68)
 y - a wand of mindburst (11)
 R - a wand of roots (2)
Scrolls
 b - 2 scrolls of poison
 d - 2 scrolls of identify
 e - a scroll of silence {unknown}
 j - a scroll of revelation
 t - 3 scrolls of fear
 C - a scroll of blinking
 G - a scroll of summoning {unknown}
 P - 2 scrolls of noise
Potions
 a - 2 potions of magic
 f - 2 potions of might
 n - a potion of attraction
 r - a potion of heal wounds
 v - 4 potions of enlightenment
 z - 5 potions of curing
 L - a potion of lignification
 T - a potion of ambrosia
 X - a potion of berserk rage {unknown}


   Skills:
 + Level 9.2 Fighting
 + Level 3.2 Dodging
 - Level 1.7 Stealth
 + Level 4.0 Shields
 + Level 7.9 Spellcasting
 * Level 9.2 Conjurations
 - Level 3.0 Fire Magic
 - Level 3.0 Ice Magic
 + Level 11.5 Alchemy
 + Level 7.8 Invocations


You had 7 spell levels left.
You knew the following spells:

 Your Spells              Type           Power      Damage    Failure   Level
a - Sting                 Conj/Alch      100%       1d9       1%          1
b - Mercury Vapours       Alch/Air       64%        N/A       1%          2
c - Olgreb's Toxic Radia  Alch           54%        N/A       1%          4
d - Sticky Flame          Fire/Alch      38%        2d8       6%          4
e - Mephitic Cloud        Conj/Alch/Air  37%        N/A       2%          3
f - Ozocubu's Armour      Ice            20%        N/A       12%         3
g - Momentum Strike       Conj/Tloc      54%        3d9       2%          2

Your spell library contained the following spells:

 Spells                   Type           Power      Damage    Failure   Level
 Kiss of Death            Conj/Necr      100%       2d13      1%          1
 Dazzling Flash           Conj/Hex       54%        N/A       6%          3
 Blink                    Tloc           16%        N/A       19%         2
 Lesser Beckoning         Tloc           16%        N/A       19%         2
 Volatile Blastmotes      Fire/Tloc      28%        2d12      21%         3
 Confusing Touch          Hex            8%         N/A       34%         3
 Fugue of the Fallen      Necr           8%         N/A       34%         3
 Summon Blazeheart Golem  Fire/Summ      14%        N/A       52%         4
 Dispel Undead            Necr           8%         3d8       75%         4
 Manifold Assault         Tloc           8%         N/A       75%         4
 Starburst                Conj/Fire      17%        6d6       80%         6
 Orb of Destruction       Conj           23%        9d8       91%         7
 Dispersal                Tloc           4%         N/A       100%        6
 Spellforged Servitor     Conj/Summ      13%        N/A       100%        7
 Disjunction              Tloc           4%         N/A       100%        8
 Maxwell's Capacitive Co  Air            4%         ∞         100%        8


Dungeon Overview and Level Annotations

Branches:
Dungeon (11/15)            Temple (1/1) D:5            Lair (2/5) D:10
    Orc (0/2) D:10
  Swamp: Lair:2-3    Shoals: Lair:2-3     Snake: Lair:2-3    Spider: Lair:2-3

Altars:
Ashenzari
Cheibriados
Dithmenos
Elyvilon
Fedhas
Gozag
Hepliaklqana
Kikubaaqudgha
Makhleb
Nemelex Xobeh
Okawaru
Qazlal
Ru
Sif Muna
Trog
Uskayaw
Vehumet
Wu Jian
Xom
Yredelemnul
Zin
The Shining One

Shops:
D:6 *   D:10 [


Innate Abilities, Weirdness & Mutations

You can breathe arcing electricity.
Your glossy black scales are hard. (AC +8)
You cannot fit into any form of body armour.
You are resistant to electric shocks. (rElec)
You are cold-blooded and may be slowed by cold attacks.
Your magical capacity is low. (-10% MP)
You expend magic power (3 MP) to strengthen your wands.


Message History

The cane toad is poisoned.
The cane toad is heavily wounded.
Casting: Sting (safe; 1% risk of failure)
Confirm with . or Enter, or press ? or * to list all spells.
Aiming: Sticky Flame (dangerous; 6% risk of failure)
Press: ? - help, Shift-Dir - straight line, f/p - cane toad
Aim: a cane toad (heavily wounded, poisoned)
You miscast Sticky Flame.
You are very lightly contaminated with residual magic.
Nothing appears to happen.
The cane toad stings you but does no damage.
Casting: Sticky Flame (dangerous; 6% risk of failure)
Confirm with . or Enter, or press ? or * to list all spells.
Aiming: Sticky Flame (dangerous; 6% risk of failure)
Press: ? - help, Shift-Dir - straight line, f/p - cane toad
Aim: a cane toad (heavily wounded, poisoned)
You miscast Sticky Flame.
Nothing appears to happen.
The cane toad stings you but does no damage.
You block the cane toad's attack.
Unknown command.
Casting: Sticky Flame (dangerous; 6% risk of failure)
Confirm with . or Enter, or press ? or * to list all spells.
You don't have enough magic to cast this spell.
Unknown command.
You barely miss the cane toad.
The cane toad is heavily wounded.
The cane toad barely misses you.
You hit the cane toad.
The cane toad is heavily wounded.
You are no longer robbed of momentum.
You block the cane toad's attack.
The cane toad stings you but does no damage.
You hit the cane toad.
You tail-slap the cane toad, but do no damage.
The cane toad is severely wounded.
The cane toad stings you!
* * * LOW HITPOINT WARNING * * *
You are poisoned.
The cane toad poisons you! The cane toad stings you!!
You die...

..................#
......... ........#
##.........
.........
#.........###.....$.
##........P........
#...............#
#.........#....##
###..........@...#
#..........#.F..##
#.........#..#.#
##.........#.P.##
.................#
#.###...........P# .
....##$#.......#
...P...........##
...........P...#


You could see a cane toad (poisoned).

Vanquished Creatures
  7 death yaks
  5 two-headed ogres
  Amaemon (D:10)
  A black mamba (Lair:1)
  An orange demon (D:10)
  Jeremiah (D:7)
  3 cane toads
  An unseen horror (D:11)
  A kobold demonologist (D:7)
  3 komodo dragons
  A troll (D:11)
  9 blink frogs
  Sigmund (D:2)
  A wyvern (D:9)
  2 wraiths (D:10)
  15 yaks
  Eustachio (D:5)
  4 humans (D:10)
  2 steam dragons
  Edmund (D:5)
  Duvessa (D:4)
  4 water moccasins
  4 black bears
  2 orc warriors
  An ice beast (D:7)
  A sky beast (D:7)
  A wolf (Lair:1)
  An ogre (D:5)
  9 centaurs
  A kobold brigand (D:7)
  A phantom (D:6)
  Blork the orc (D:6)
  8 bullfrogs
  3 scorpions
  12 wights
  Dowan (D:4)
  8 killer bees
  3 howler monkeys
  An electric eel (Lair:1)
  A gnoll bouda (D:8)
  3 jellies (D:6)
  2 hounds
  2 iguanas (D:5)
  4 orc priests
  An orc wizard (D:3)
  2 hell rats (D:10)
  8 gnolls
  12 adders
  A river rat (D:10)
  2 white imps (D:7)
  A ribbon worm (D:2)
  3 dart slugs
  23 orcs
  11 ball pythons
  An endoplasm (D:2)
  4 giant cockroaches
  6 goblins
  2 hobgoblins
  3 jackals (D:2)
  4 quokkas
  5 bats
  3 frilled lizards
  10 kobolds
  2 rats
240 creatures vanquished.

Notes
Turn   | Place    | Note
-------+----------+-------------------------------------------
     0 | D:1      | skewfiend the Draconian Alchemist began the quest for the
                  | Orb.
     0 | D:1      | Reached XP level 1. HP: 14/14 MP: 3/3
   253 | D:1      | Reached XP level 2. HP: 22/22 MP: 5/5
   415 | D:1      | Reached skill level 1 in Fighting
   552 | D:1      | Learned a level 2 spell: Mercury Vapours
  1058 | D:2      | Reached XP level 3. HP: 23/28 MP: 3/6
  1390 | D:2      | Noticed Sigmund
  1392 | D:2      | Gained mutation: Your magical capacity is low. (-10% MP)
                  | [potion of mutation]
  1392 | D:2      | Gained mutation: You expend magic power (3 MP) to
                  | strengthen your wands. [potion of mutation]
  1402 | D:2      | Killed Sigmund
  1403 | D:2      | Reached skill level 4 in Alchemy
  1403 | D:2      | Reached XP level 4. HP: 36/37 MP: 0/7
  1403 | D:2      | Reached XP level 5. HP: 41/42 MP: 0/8
  2364 | D:3      | Noticed a black bear
  2383 | D:3      | Killed a black bear
  2384 | D:3      | Reached skill level 5 in Alchemy
  2384 | D:3      | Reached XP level 6. HP: 43/50 MP: 0/9
  2970 | D:3      | Learned a level 4 spell: Olgreb's Toxic Radiance
  2975 | D:3      | Learned a level 4 spell: Sticky Flame
  3204 | D:4      | Identified the +0 cloak of the Bellicose God {+Blink rElec
                  | rN+}
  3233 | D:4      | Noticed Dowan
  3245 | D:4      | Killed Dowan
  3276 | D:4      | Noticed Duvessa
  3286 | D:4      | Killed Duvessa
  3287 | D:4      | Reached skill level 1 in Fire Magic
  3287 | D:4      | Your scales start taking on a glossy black colour.
  3287 | D:4      | Reached XP level 7. HP: 47/57 MP: 0/11
  3287 | D:4      | Gained mutation: You are resistant to electric shocks.
                  | (rElec) [Black Draconian growth]
  3817 | D:4      | Found a hide-covered altar of Uskayaw.
  3817 | D:4      | Found a blossoming altar of Fedhas.
  4060 | D:5      | Entered Level 5 of the Dungeon
  4154 | D:5      | Found a staircase to the Ecumenical Temple.
  4159 | D:5      | Noticed Eustachio
  4170 | D:5      | Killed Eustachio
  4171 | D:5      | Reached skill level 6 in Alchemy
  4280 | Temple   | Entered the Ecumenical Temple
  4320 | Temple   | Became a worshipper of Sif Muna the Loreminder
  4354 | D:5      | Noticed Edmund
  4365 | D:5      | Killed Edmund
  4366 | D:5      | Reached XP level 8. HP: 12/66 MP: 1/12
  4918 | D:5      | Identified the ring "Dokhong" {rElec rC+ Will+}
  5086 | D:5      | Reached skill level 1 in Invocations
  5692 | D:5      | Upgraded the game from 0.32-a0-616-g9348d45 to
                  | 0.32-a0-630-g46d191b
  5836 | D:6      | Found Puemaosk's Assorted Antiques.
  5922 | D:6      | Noticed Blork the orc
  6008 | D:6      | Killed Blork the orc
  6016 | D:6      | Reached skill level 7 in Alchemy
  6109 | D:6      | Reached skill level 5 in Fighting
  6147 | D:6      | Bought a scroll labelled KUOZIB ZABOL for 27 gold pieces
  6147 | D:6      | Bought a scroll labelled UDIMAGG JAPURI for 27 gold pieces
  6147 | D:6      | Bought a scroll labelled QIDWOO ILOOZI for 27 gold pieces
  6153 | D:6      | Found a radiant altar of Vehumet.
  6207 | D:6      | Upgraded the game from 0.32-a0-630-g46d191b to
                  | 0.32-a0-660-g97ce250
  6402 | D:6      | You fall into a shaft and drop 1 floor!
  6572 | D:7      | Reached XP level 9. HP: 70/74 MP: 6/14
  6936 | D:7      | Noticed a kobold demonologist
  7125 | D:7      | Killed a kobold demonologist
  7126 | D:7      | Reached skill level 5 in Spellcasting
  7126 | D:7      | Reached skill level 5 in Conjurations
  7141 | D:7      | Reached skill level 8 in Alchemy
  7229 | D:7      | Noticed Jeremiah
  7240 | D:6      | Reached * piety under Sif Muna
  7554 | D:7      | Killed Jeremiah
  7630 | D:7      | Noticed a two-headed ogre
  7647 | D:7      | Killed a two-headed ogre
  7648 | D:7      | Reached skill level 9 in Alchemy
  7648 | D:7      | Reached XP level 10. HP: 30/84 MP: 0/16
  8429 | D:8      | Noticed a two-headed ogre
  8434 | D:8      | Killed a two-headed ogre
  8435 | D:8      | Reached skill level 5 in Invocations
  8554 | D:8      | Learned a level 3 spell: Mephitic Cloud
  9344 | D:8      | Noticed a two-headed ogre
  9369 | D:8      | Killed a two-headed ogre
  9376 | D:8      | HP: 4/81 [wight/+3 great sword of freezing (2)]
  9764 | D:9      | Noticed a two-headed ogre
  9771 | D:9      | Killed a two-headed ogre
  9772 | D:9      | Reached skill level 10 in Alchemy
  9992 | D:9      | Learned a level 3 spell: Ozocubu's Armour
 10043 | D:9      | Noticed a two-headed ogre
 10072 | D:9      | Killed a two-headed ogre
 10073 | D:9      | Reached skill level 1 in Ice Magic
 10261 | D:9      | Learned a level 2 spell: Momentum Strike
 10321 | D:9      | Reached ** piety under Sif Muna
 10723 | D:9      | Reached XP level 11. HP: 92/92 MP: 16/18
 11049 | D:10     | Entered Level 10 of the Dungeon
 11420 | D:10     | Noticed Amaemon
 11436 | D:10     | Killed Amaemon
 11437 | D:10     | Reached skill level 1 in Shields
 11629 | D:10     | Found a staircase to the Orcish Mines.
 11887 | D:10     | Found Ynoenwob's Antique Armour Shop.
 11893 | D:10     | Noticed a death yak
 12001 | D:10     | Killed a death yak
 12137 | D:10     | Found a glowing silver altar of Zin.
 12137 | D:10     | Noticed an angel
 12278 | D:10     | Found a staircase to the Lair.
 12289 | D:10     | Reached skill level 11 in Alchemy
 13122 | Lair:1   | Entered Level 1 of the Lair of Beasts
 13917 | Lair:1   | Identified the +0 leather armour "Dounn" {Int+3}
 14769 | Lair:2   | Reached XP level 12. HP: 73/103 MP: 9/20
 15028 | Lair:2   | Noticed a death yak
 15028 | Lair:2   | Noticed a death yak
 15029 | Lair:2   | Noticed a death yak
 15034 | Lair:2   | Noticed a death yak
 15035 | Lair:2   | Noticed a death yak
 15036 | Lair:2   | Noticed a death yak
 15038 | Lair:2   | Noticed an eight-headed hydra
 15042 | Lair:2   | Reached *** piety under Sif Muna
 15043 | Lair:2   | Killed a death yak
 15061 | Lair:2   | Killed a death yak
 15172 | Lair:2   | Killed a death yak
 15175 | Lair:2   | Killed a death yak
 15178 | Lair:2   | Killed a death yak
 15181 | Lair:2   | Killed a death yak
 15207 | Lair:2   | Slain by a cane toad

Illustrated notes

Levels and vault maps discovered:
D:1:      eino_arrival_cavern_d, layout_loops_cross
D:2:      layout_loops_ring, chequers_decorated_corner, uniq_sigmund
D:3:      layout_loops_cross
D:4:      layout_rooms, amethyst_overflow_temple_binary, uniq_duvessa
D:5:      layout_loops_corners, minmay_temple_entry_glass, uniq_edmund,
          uniq_eustachio
D:6:      layout_rooms, nicolae_vehumet_radiance, serial_shops,
          nicolae_shop_tiny_glass, uniq_blork_the_orc
D:7:      cheibrodos_fzero, layout_loops_ring, mrwooster_statue_mirror,
          minmay_manual_mares, uniq_jeremiah
D:8:      layout_cave_pods, serial_column_ruins, column_ruins_open_large,
          column_ruins_grid_3, column_ruins_columns_water,
          column_ruins_open_medium, column_ruins_open_small,
          column_ruins_open_medium
D:9:      layout_loops_ring, serial_bayou_crossing
D:10:     layout_loops_ring, zin_angel, dpeg_lair_monsters, orc_0_dummy,
          serial_shops, nicolae_shop_behind_doors, kb_lookout_dungeons_type,
          minmay_ruffians, uniq_amaemon
D:11:     layout_stronghold
Temple:   regret_index_temple_chain_breaker
Lair:1:   layout_hall_layers, st_stairs_8, serial_bayou_lagoon_a
Lair:2:   layout_chaotic_city

Skill      XL: |  1  2  3  4  5  6  7  8  9 10 11 12 |
---------------+-------------------------------------+-----
Fighting       | 1 2 3 4 5 6 7 8 9 |  9.2
Conjurations   | 2 3 4 5 6 8 9 |  9.2
Alchemy        | 4 5 6 7 9 10 11 | 11.5
Spellcasting   | 3 4 5 6 7 |  7.9
Fire Magic     | 1 2 3 |  3.0
Invocations    | 2 4 6 7 |  7.8
Ice Magic      | 1 3 |  3.0
Shields        | 3 4 |  4.0
Dodging        | 2 3 |  3.2
Stealth        | |  1.7

Action                     |  1- 3 |  4- 6 |  7- 9 | 10-12 || total
---------------------------+-------+-------+-------+-------++-------
  Melee: Spear             |    27 |       |       |       ||    27
         Tailslap          |     1 |     3 |    17 |    34 ||    55
         Halberd           |       |    42 |    29 |       ||    71
         Dire flail        |       |       |    93 |    29 ||   122
         Flail             |       |       |       |    30 ||    30
         Trident           |       |       |       |   155 ||   155
  Throw: Stone             |       |     1 |       |       ||     1
   Cast: Sting             |    42 |    72 |    58 |    16 ||   188
         Mercury Vapours   |     2 |     3 |    12 |    11 ||    28
         Olgreb's Toxic Ra |       |     1 |    29 |    60 ||    90
         Sticky Flame      |       |       |    10 |    30 ||    40
         Mephitic Cloud    |       |       |       |     7 ||     7
         Momentum Strike   |       |       |       |    17 ||    17
         Ozocubu's Armour  |       |       |       |    10 ||    10
 Invoke: Channel Magic     |       |       |       |     2 ||     2
Ability: Galvanic Breath   |       |       |     2 |     3 ||     5
         Evoke Blink       |       |       |       |     1 ||     1
    Use: Potion            |     1 |       |     2 |     4 ||     7
         Scroll            |       |       |     5 |     8 ||    13
   Stab: Confused          |       |       |       |     1 ||     1
 Armour: Skin              |    21 |    44 |   122 |   208 ||   395
  Dodge: Dodged            |    21 |    38 |   130 |   145 ||   334
  Block: Kite shield       |       |       |       |    58 ||    58

Table legend: (Time is in decaauts)
 A = Elapsed time spent in this place.
 B = Non-inter-level travel time spent in this place.
 C = Inter-level travel time spent in this place.
 D = Time resting spent in this place.
 E = Time spent auto-exploring this place.
 F = Levels seen in this place.
 G = Mean time per level.
                   A        B        C        D        E       F      G
               +--------+--------+--------+--------+--------+-----+--------+
         Total |  15414 |  14759 |    655 |   1152 |  11417 |  14 | 1101.0 |
       Dungeon |  13239 |  12726 |    513 |   1150 |   9686 |  11 | 1203.5 |
        Temple |     49 |      1 |     48 |      0 |      0 |   1 |   49.0 |
          Lair |   2125 |   2031 |     94 |      2 |   1731 |   2 | 1062.5 |
               +--------+--------+--------+--------+--------+-----+--------+

Top non-repeatable levels by time:
    D:10: 1860 daAuts
     D:5: 1718 daAuts
  Lair:1: 1632 daAuts
     D:7: 1405 daAuts
     D:8: 1334 daAuts
     D:9: 1320 daAuts
     D:6: 1229 daAuts
     D:3: 1083 daAuts
     D:1: 1054 daAuts
     D:2: 1036 daAuts
     D:4: 917 daAuts
  Lair:2: 493 daAuts
    D:11: 278 daAuts
  Temple: 49 daAuts
